 Dungeon Crawl Stone Soup version 0.30.1-11-g7821555f0a (webtiles) character file.

Game seed: 1678136516485648631

371 Grexis the Shield-Bearer (level 6, -1/56 HPs)
             Began as a Minotaur Fighter on Dec 12, 2023.
             Was an Initiate of Okawaru.
             Succumbed to a gnoll's poison
             ... on level 5 of the Dungeon.
             The game lasted 00:11:55 (3196 turns).

Grexis the Shield-Bearer (Minotaur Fighter)         Turns: 3196, Time: 00:11:56

Health: -1/56      AC: 12    Str: 23    XL:     6   Next: 42%
Magic:  5/5        EV:  6    Int:  5    God:    Okawaru [......]
Gold:   176        SH:  4    Dex:  9    Spells: 5/5 levels left

rFire   . . .        a - +0 war axe
rCold   . . .        c - +0 buckler
rNeg    . . .        i - +0 plate armour
rPois   .            (helmet restricted)
rElec   .            (no cloak)
rCorr   .            (no gloves)
SInv    .            (no boots)
Will    .....        (no amulet) Stlth
                     (no ring)
HPRegen 0.29/turn    (no ring)
MPRegen 0.09/turn

%: no passive effects
@: lethally poisoned (-1 -> -32)
A: horns 2, retaliatory headbutt
a: Renounce Religion


You were on level 5 of the Dungeon.
You worshipped Okawaru.
Okawaru was noncommittal.
You visited 2 branches of the dungeon, and saw 6 of its levels.

You collected 176 gold pieces.

Inventory:

Hand Weapons
 a - a +0 war axe (weapon)
Missiles
 b - 3 javelins
 g - 17 stones (quivered)
 q - a throwing net
Armour
 c - a +0 buckler (worn)
 i - a +0 plate armour (worn)
Jewellery
 f - an amulet of faith
Wands
 r - a wand of polymorph (12)
Scrolls
 e - 6 scrolls of identify {unknown}
 h - 5 scrolls of teleportation {unknown}
 j - a scroll of magic mapping {unknown}
 n - 2 scrolls of enchant weapon {unknown}
 o - a scroll of blinking {unknown}
Potions
 d - 3 potions of might
 k - a potion of brilliance {unknown}
 l - a potion of haste {unknown}
 m - 2 potions of resistance {unknown}
 p - a potion of berserk rage {unknown}


   Skills:
 + Level 5.3 Fighting
 + Level 4.6 Axes
 + Level 5.3 Armour
 + Level 5.3 Shields


You had 5 spell levels left.
You didn't know any spells.
Your spell library contained the following spells:

 Spells                   Type           Power      Damage    Failure   Level
 Beastly Appendage        Tmut           0%         N/A       100%        1
 Freeze                   Ice            0%         1d3       100%        1
 Wereblood                Tmut           0%         N/A       100%        2
 Dazzling Flash           Conj/Hex       0%         N/A       100%        3
 Frozen Ramparts          Ice            0%         1d1       100%        3
 Hailstorm                Conj/Ice       0%         3d3       100%        3
 Portal Projectile        Hex/Tloc       0%         N/A       100%        3
 Spider Form              Tmut/Pois      0%         N/A       100%        3
 Volatile Blastmotes      Fire/Tloc      0%         2d10      100%        3
 Iskenderun's Mystic Bla  Conj/Tloc      0%         2d3       100%        4
 Blade Hands              Tmut           0%         N/A       100%        5
 Starburst                Conj/Fire      0%         6d3       100%        6
 Tukima's Dance           Hex            Unusable   N/A       N/A         3

Dungeon Overview and Level Annotations

Branches:
Dungeon (5/15)             Temple (1/1) D:4

Altars:
Hepliaklqana
Makhleb
Nemelex Xobeh
Okawaru
Ru

Shops:
D:4 *

Annotations:
D:2 Sigmund


Innate Abilities, Weirdness & Mutations

You have a pair of horns on your head.
You reflexively headbutt those who attack you in melee.


Message History

The gnoll shouts!
The gnoll barely misses you.
There is an open door here.
The gnoll hits you from afar with a +0 spear.
The gnoll hits you from afar with a +0 spear.
The gnoll hits you but does no damage. The gnoll closely misses you.
You block the gnoll's attack. The gnoll barely misses you.
You block the gnoll's attack.
The gnoll hits you from afar with a +0 spear.
You barely miss the gnoll. You headbutt the gnoll!
The gnoll is severely wounded.
The gnoll hits you from afar with a +2 spear of venom.
You are poisoned.
The gnoll hits you with a +0 spear.
The gnoll hits you from afar with a +0 spear.
You hit the gnoll.
You kill the gnoll!
Okawaru accepts your kill.
You feel very sick. The gnoll hits you but does no damage.
You are more poisoned.
The gnoll hits you but does no damage.
You completely miss the gnoll.
You feel very sick. The gnoll hits you but does no damage.
The gnoll hits you from afar with a +2 spear of venom!
You are lethally poisoned!
The gnoll hits you but does no damage. x2
The gnoll hits you from afar with a +2 spear of venom.
You are more poisoned.
The gnoll hits you but does no damage.
Okay, then.
You slash the gnoll!
You kill the gnoll!
Okawaru accepts your kill.
* * * LOW HITPOINT WARNING * * *
You feel extremely sick. The gnoll hits you but does no damage.
The gnoll barely misses you.
You die...

#..###.###. ..#
##g......... #.#
.g.....###. #.# ##'##
#. ####.# ##...## #.
....# ##.....## #.
##..# ##.......# #.
##...####.........####.
#.....@.)g........+....
##...####g........####.
#..## ##.......## ##
#.## ##.....## # #.#
##...## #.# #+## #.#
#.# ##### #.# #.# #...#
#.# ##.#####....


You could see 2 gnolls.

Vanquished Creatures
  A black bear (D:4)
  A hound (D:5)
  2 iguanas
  5 gnolls
  7 adders
  A worm (D:3)
  6 dart slugs
  5 orcs (D:3)
  6 ball pythons
  3 bats
  5 endoplasms
  2 giant cockroaches
  7 goblins
  5 hobgoblins
  4 jackals
  A quokka (D:4)
  4 frilled lizards
  6 kobolds
  5 rats
76 creatures vanquished.

Notes
Turn   | Place    | Note
-------+----------+-------------------------------------------
     0 | D:1      | Grexis the Minotaur Fighter began the quest for the Orb.
     0 | D:1      | Reached XP level 1. HP: 19/19 MP: 0/0
   428 | D:1      | Reached XP level 2. HP: 26/27 MP: 1/1
  1163 | D:2      | Reached XP level 3. HP: 28/33 MP: 2/2
  1632 | D:2      | Noticed Sigmund
  1726 | D:3      | Reached XP level 4. HP: 37/37 MP: 3/3
  2055 | D:3      | Found a faded altar of an unknown god.
  2547 | D:4      | Found Teejadgho's Gadget Gallery.
  2566 | D:4      | Reached XP level 5. HP: 32/47 MP: 4/4
  2658 | D:4      | Noticed a black bear
  2664 | D:4      | Killed a black bear
  2665 | D:4      | Reached skill level 5 in Fighting
  2665 | D:4      | Reached skill level 5 in Armour
  2665 | D:4      | Reached skill level 5 in Shields
  2682 | D:4      | Found a burning altar of Makhleb.
  2769 | D:4      | Found a staircase to the Ecumenical Temple.
  2778 | Temple   | Entered the Ecumenical Temple
  2789 | Temple   | Became a worshipper of Warmaster Okawaru
  2825 | D:4      | Reached XP level 6. HP: 55/56 MP: 5/5
  2975 | D:5      | Entered Level 5 of the Dungeon
  3196 | D:5      | Succumbed to a gnoll's poison

Illustrated notes

Levels and vault maps discovered:
D:1:      onia_arrival_pyramid, layout_loops_ring,
          corexii_item_surrounded_by_moat, dreamdust_wishing_well,
          kennysheep_boxes
D:2:      layout_loops_ring, uniq_sigmund
D:3:      layout_loops_ring, basic_ecumenical_altar
D:4:      layout_rooms, lemuel_round_altar, minmay_temple_entry_statues_pillars,
          nicolae_shop_gadgets
D:5:      layout_loops_corners, general_overflow_altar,
          mainiacjoe_overflow_tiny_flanked, hex_tiny
Temple:   eino_wide_crystal_templ

Skill      XL: |  1  2  3  4  5 |
---------------+----------------+-----
Fighting       | 4 5 |  5.3
Armour         | 4 5 |  5.3
Shields        | 4 5 |  5.3
Axes           | 3 4 |  4.6

Action                     |  1- 3 |  4- 6 || total
---------------------------+-------+-------++-------
  Melee: War axe           |    79 |    96 ||   175
         Headbutt          |    11 |    14 ||    25
 Armour: Scale mail        |     6 |       ||     6
         Plate armour      |    32 |    64 ||    96
  Dodge: Dodged            |    24 |    33 ||    57
  Block: Buckler           |    18 |    25 ||    43
